AoeStats
← 泰拉第一老女人-凯尔希

Yucatan

510328303Analyzed
4v4 RM · 19h ago on Sep 30, 2026· 53m 34s· 8 players
Game mode
Random Map
Map size
Large (8 player)
Population
200
Speed
Normal
Resources
Standard
Victory
Conquest
Starting age
Dark Age
Ending age
Imperial Age
RankedLock teamsTeams togetherTeam positionsShared explorationLock speedFull tech treeHidden civsTurbo modeCheats
Victory
Defeat
961
+11
🇬🇧 Koreans · United Kingdom
929
+12
🇩🇪 Spanish · Germany
905
+13
🇪🇸 Vikings · Spain
860
+15
🇨🇳 Shu · China
887
-15
849
-13
🇨🇳 Mongols · China
804
-11
xZeyyy
10:37 Feudal Age
11:08 Double-Bit Axe
16:03 Castle Age
15:07 Wheelbarrow
14:53 Horse Collar
15:26 Stone Mining
18:00 Bow Saw
22:29 Loom
26:07 Hand Cart
27:32 Ballistics
27:48 Gold Mining
32:18 Imperial Age
30:01 Forging
29:57 Scale Barding Armor
30:52 Fletching
31:53 Husbandry
32:04 Bloodlines
34:24 Bodkin Arrow
35:05 Iron Casting
34:51 Chain Barding Armor
35:39 Chemistry
34:03 Elite Conquistador
35:29 Conscription
35:16 Squires
34:37 Pikeman
35:59 Halberdier
37:44 Scale Mail Armor
37:44 Bracer
38:45 Blast Furnace
blankityblanko
12:50 Feudal Age
14:03 Double-Bit Axe
16:50 Loom
21:04 Castle Age
21:10 Castle Age
20:37 Fletching
22:13 Crossbowman
27:18 Horse Collar
28:06 Town Watch
28:22 Gold Mining
28:50 Bow Saw
31:00 Wheelbarrow
36:24 Imperial Age
35:28 Thumb Ring
36:03 Elite Skirmisher
37:59 Gold Mining
38:01 Stone Mining
40:08 Two-Man Saw
39:58 Hand Cart
39:29 Town Watch
40:23 Gold Shaft Mining
40:30 Heavy Plow
40:39 Arbalester
42:50 Ballistics
43:31 Chemistry
43:46 Pikeman
44:27 Squires
45:32 Stone Shaft Mining
44:24 Heavy Rocket Cart
46:13 Halberdier
48:31 Masonry
49:32 Town Patrol
51:01 Forging
51:12 Bodkin Arrow
51:18 Scale Mail Armor
51:54 Architecture
51:05 Treadmill Crane
53:05 Conscription
53:15 Shinkichon
Ana Nzinga of Mbande Ndogo
9:27 Loom
12:18 Feudal Age
13:02 Double-Bit Axe
15:04 Scale Barding Armor
17:49 Castle Age
17:16 Bloodlines
17:22 Forging
19:22 Iron Casting
21:25 Light Cavalry
24:18 Chain Barding Armor
25:59 Wheelbarrow
31:49 Hand Cart
33:10 Elite Skirmisher
34:00 Fletching
34:11 Padded Archer Armor
34:28 Gold Mining
39:02 Ballistics
41:51 Imperial Age
40:51 Bow Saw
40:54 Horse Collar
42:07 Husbandry
43:11 Bodkin Arrow
43:48 Conscription
44:19 Bracer
45:23 Man-at-Arms
46:04 Long Swordsman
46:45 Squires
46:31 Arson
46:41 Elite Steppe Lancer
48:06 Scale Mail Armor
48:14 Stone Mining
49:41 Chain Mail Armor
49:31 Two-Handed Swordsman
51:36 Champion
53:14 Plate Mail Armor
FRANSITO14
0:37 Loom
12:37 Feudal Age
14:01 Double-Bit Axe
14:00 Horse Collar
14:52 Arson
15:52 Man-at-Arms
16:41 Gold Mining
16:45 Town Watch
18:12 Forging
22:45 Castle Age
23:35 Squires
22:57 Long Swordsman
24:17 Iron Casting
23:44 Heavy Plow
26:28 Bow Saw
26:59 Gold Shaft Mining
28:04 Scale Mail Armor
28:15 Stone Mining
29:55 Town Patrol
36:30 Imperial Age
35:06 Masonry
35:19 Ballistics
36:04 Fletching
36:35 Chain Mail Armor
36:05 Treadmill Crane
36:37 Capped Ram
38:12 Crop Rotation
37:47 Caravan
38:59 Conscription
41:18 Two-Man Saw
40:32 Chieftains
40:17 Elite Berserk
40:39 Siege Ram
41:43 Bodkin Arrow
43:03 Plate Mail Armor
43:46 Coinage
44:44 Blast Furnace
46:47 Chemistry
落榜音游人
8:48 Loom
13:24 Feudal Age
18:04 Castle Age
17:30 Gold Mining
17:26 Double-Bit Axe
17:24 Horse Collar
19:29 Fletching
19:40 Padded Archer Armor
20:57 Bow Saw
22:26 Gold Shaft Mining
24:36 Bodkin Arrow
24:57 Leather Archer Armor
26:38 Heavy Plow
28:27 Bloodlines
28:23 Husbandry
29:08 Ballistics
28:26 Light Cavalry
29:20 Forging
29:52 Stone Mining
35:18 Wheelbarrow
37:36 Imperial Age
37:04 Scale Barding Armor
37:35 Iron Casting
38:25 Thumb Ring
37:41 Elite Skirmisher
41:23 Hand Cart
41:24 Bracer
42:28 Blast Furnace
41:37 Elite Steppe Lancer
42:56 Hussar
48:22 Chemistry
邦多利第一耐摔王-莫提斯
12:32 Feudal Age
16:56 Castle Age
14:44 Double-Bit Axe
19:16 Wheelbarrow
19:03 Bow Saw
20:20 Horse Collar
25:26 Hand Cart
27:24 Heavy Plow
32:29 Imperial Age
33:28 Scale Barding Armor
33:33 Forging
32:54 Heavy Camel Rider
34:31 Conscription
34:38 Chain Barding Armor
34:50 Crop Rotation
35:22 Two-Man Saw
37:18 Chemistry
36:59 Iron Casting
37:09 Elite Skirmisher
38:16 Elite Cataphract
42:16 Logistica
43:04 Plate Barding Armor
49:01 Padded Archer Armor
48:52 Fletching
50:53 Leather Archer Armor
50:33 Bodkin Arrow
53:33 Ring Archer Armor
53:03 Bracer
東雲mobai
12:06 Feudal Age
13:28 Double-Bit Axe
13:58 Gold Mining
15:44 Horse Collar
18:52 Castle Age
18:09 Stone Mining
18:54 Forging
18:47 Scale Mail Armor
18:41 Fletching
20:38 Bow Saw
21:49 Gold Shaft Mining
21:18 Scale Mail Armor
21:28 Heavy Plow
22:28 Coiled Serpent Array
24:23 Gambesons
26:00 Squires
27:18 Wheelbarrow
26:28 Loom
26:29 Town Watch
29:02 Ballistics
32:42 Imperial Age
31:18 Treadmill Crane
32:17 Thumb Ring
31:33 Crossbowman
34:40 Elite White Feather Guard
36:02 Conscription
36:08 Conscription
38:41 Chain Mail Armor
38:23 Bodkin Arrow
38:38 Bolt Magazine
39:40 Siege Engineers
40:31 Plate Mail Armor
43:01 Arbalester
泰拉第一老女人-凯尔希
12:22 Feudal Age
16:52 Castle Age
15:23 Double-Bit Axe
15:53 Horse Collar
18:30 Loom
21:20 Stone Mining
Connection lost

Rejoining the realm…

Still unreachable

The connection could not be restored.

Session expired

The server has moved on; the page needs a fresh start.